2794 views
Uploaded 2020-01-01 16:12:25
Game version 1.32.0.4
23:35 long 3on3 ladder game on (6)TimbermawHold
Saved by BEARAND
2794 views
Uploaded 2020-01-01 16:12:25
Game version 1.32.0.4
23:35 long 3on3 ladder game on (6)TimbermawHold


84 units @ 7.2k
/ 0.3k
274 buildings @ 15.5k
/ 7.9k



| Staff of Sanctuary | 2 | 500 |
| Boots of Speed | 2 | 500 |
| Staff of Teleportation | 2 | 300 |
| Orb of Venom | 1 | 325 |
| total: | 7 | 1625g |
| Peasant | 14 | 1050 | / | 0 |
| Priest | 1 | 135 | / | 10 |
| Dragonhawk Rider | 5 | 1000 | / | 150 |
| Sorceress | 1 | 155 | / | 20 |
| total: | 21 | 2340g | / | 180w |
| Scout Tower | 120 | 3600 | / | 2400 |
| Arcane Tower | 3 | 210 | / | 150 |
| Guard Tower | 54 | 3780 | / | 2700 |
| Altar of Kings | 1 | 180 | / | 50 |
| Farm | 7 | 560 | / | 140 |
| Lumber Mill | 1 | 120 | / | 0 |
| Arcane Vault | 2 | 260 | / | 60 |
| Blacksmith | 1 | 140 | / | 60 |
| Barracks | 1 | 160 | / | 60 |
| Arcane Sanctum | 1 | 150 | / | 140 |
| Gryphon Aviary | 1 | 140 | / | 150 |
| Keep | 1 | 320 | / | 210 |
| Castle | 1 | 360 | / | 210 |
| total: | 135 | 5310g | / | 3060w |
| 0:02 | Peasant |
| 0:02 | Peasant |
| 0:06 | Altar of Kings |
| 0:18 | Farm |
| 0:22 | Peasant |
| 0:28 | Peasant |
| 0:42 | Farm |
| 0:49 | Peasant |
| 0:55 | Peasant |
| 1:04 | Lumber Mill |
| 1:12 | Peasant |
| 1:17 | Scout Tower |
| 1:21 | Scout Tower |
| 1:28 | Peasant |
| 1:43 | Peasant |
| 1:46 | Arcane Tower |
| 1:54 | Peasant |
| 2:04 | Scout Tower |
| 2:06 | Scout Tower |
| 2:07 | Blizzard |
| 2:10 | Peasant |
| 2:24 | Peasant |
| 2:25 | Guard Tower |
| 2:47 | Guard Tower |
| 3:02 | Brilliance Aura |
| 3:07 | Scout Tower |
| 3:08 | Scout Tower |
| 3:08 | Scout Tower |
| 3:09 | Scout Tower |
| 3:09 | Scout Tower |
| 3:09 | Scout Tower |
| 3:10 | Scout Tower |
| 3:10 | Scout Tower |
| 3:11 | Scout Tower |
| 3:34 | Arcane Tower |
| 3:35 | Guard Tower |
| 3:35 | Guard Tower |
| 3:36 | Guard Tower |
| 3:38 | Scout Tower |
| 3:38 | Scout Tower |
| 3:38 | Scout Tower |
| 3:39 | Scout Tower |
| 3:45 | Peasant |
| 3:45 | Peasant |
| 4:00 | Scout Tower |
| 4:01 | Scout Tower |
| 4:07 | Guard Tower |
| 4:19 | Guard Tower |
| 4:21 | Guard Tower |
| 4:35 | Scout Tower |
| 4:35 | Scout Tower |
| 4:37 | Guard Tower |
| 4:59 | Guard Tower |
| 5:00 | Scout Tower |
| 5:21 | Keep |
| 5:25 | Boots of Speed |
| 5:34 | Guard Tower |
| 5:35 | Scout Tower |
| 5:36 | Scout Tower |
| 5:37 | Guard Tower |
| 5:38 | Scout Tower |
| 5:39 | Scout Tower |
| 6:09 | Guard Tower |
| 6:19 | Scout Tower |
| 6:19 | Scout Tower |
| 6:20 | Scout Tower |
| 6:20 | Scout Tower |
| 6:20 | Scout Tower |
| 6:21 | Scout Tower |
| 6:22 | Scout Tower |
| 6:22 | Scout Tower |
| 6:33 | Arcane Tower |
| 6:34 | Farm |
| 6:35 | Farm |
| 6:36 | Improved Masonry |
| 6:43 | Guard Tower |
| 6:44 | Guard Tower |
| 6:45 | Scout Tower |
| 6:46 | Scout Tower |
| 6:51 | Guard Tower |
| 7:01 | Staff of Teleportation |
| 7:13 | Guard Tower |
| 7:18 | Guard Tower |
| 8:13 | Advanced Masonry |
| 8:38 | Scout Tower |
| 8:39 | Scout Tower |
| 8:55 | Storm Bolt |
| 9:14 | Castle |
| 9:15 | Arcane Vault |
| 9:16 | Arcane Vault |
| 9:22 | Guard Tower |
| 9:22 | Guard Tower |
| 9:30 | Guard Tower |
| 9:56 | Scout Tower |
| 9:56 | Scout Tower |
| 9:57 | Scout Tower |
| 10:24 | Guard Tower |
| 10:25 | Guard Tower |
| 10:26 | Scout Tower |
| 10:27 | Scout Tower |
| 10:28 | Scout Tower |
| 11:12 | Guard Tower |
| 11:13 | Guard Tower |
| 11:19 | Guard Tower |
| 11:31 | Arcane Sanctum |
| 11:47 | Scout Tower |
| 11:48 | Scout Tower |
| 11:52 | Guard Tower |
| 11:59 | Scout Tower |
| 11:59 | Scout Tower |
| 12:00 | Scout Tower |
| 12:00 | Scout Tower |
| 12:01 | Scout Tower |
| 12:01 | Scout Tower |
| 12:02 | Scout Tower |
| 12:02 | Scout Tower |
| 12:23 | Imbued Masonry |
| 12:26 | Staff of Sanctuary |
| 12:31 | Boots of Speed |
| 12:31 | Staff of Teleportation |
| 12:41 | Staff of Sanctuary |
| 12:45 | Magic Sentry |
| 12:59 | Scout Tower |
| 12:59 | Scout Tower |
| 13:00 | Scout Tower |
| 13:00 | Scout Tower |
| 13:01 | Scout Tower |
| 13:01 | Scout Tower |
| 13:01 | Scout Tower |
| 13:03 | Holy Light |
| 13:08 | Guard Tower |
| 13:15 | Guard Tower |
| 13:44 | Guard Tower |
| 13:46 | Guard Tower |
| 14:22 | Priest |
| 16:43 | Scout Tower |
| 16:44 | Scout Tower |
| 16:44 | Scout Tower |
| 16:45 | Scout Tower |
| 16:45 | Scout Tower |
| 16:45 | Scout Tower |
| 16:47 | Scout Tower |
| 16:47 | Scout Tower |
| 16:48 | Scout Tower |
| 16:48 | Scout Tower |
| 16:49 | Scout Tower |
| 16:50 | Scout Tower |
| 17:21 | Blizzard |
| 17:30 | Guard Tower |
| 17:47 | Guard Tower |
| 17:48 | Scout Tower |
| 17:48 | Scout Tower |
| 17:58 | Guard Tower |
| 18:00 | Scout Tower |
| 18:00 | Scout Tower |
| 18:01 | Scout Tower |
| 18:02 | Scout Tower |
| 18:02 | Scout Tower |
| 18:03 | Scout Tower |
| 18:04 | Scout Tower |
| 18:04 | Scout Tower |
| 18:05 | Scout Tower |
| 18:06 | Scout Tower |
| 18:07 | Guard Tower |
| 18:17 | Guard Tower |
| 18:28 | Gryphon Aviary |
| 18:29 | Blacksmith |
| 18:30 | Barracks |
| 18:31 | Farm |
| 18:31 | Farm |
| 18:32 | Farm |
| 18:54 | Orb of Venom |
| 18:56 | Guard Tower |
| 19:52 | Guard Tower |
| 20:05 | Guard Tower |
| 20:08 | Scout Tower |
| 20:08 | Scout Tower |
| 20:09 | Scout Tower |
| 20:10 | Scout Tower |
| 20:10 | Scout Tower |
| 20:10 | Scout Tower |
| 20:13 | Dragonhawk Rider |
| 20:13 | Dragonhawk Rider |
| 20:14 | Dragonhawk Rider |
| 20:17 | Scout Tower |
| 20:18 | Scout Tower |
| 20:19 | Scout Tower |
| 20:19 | Scout Tower |
| 20:31 | Sorceress |
| 20:31 | Sorceress Adept Training |
| 20:39 | Scout Tower |
| 20:40 | Scout Tower |
| 20:41 | Scout Tower |
| 20:42 | Scout Tower |
| 20:43 | Scout Tower |
| 20:43 | Scout Tower |
| 20:44 | Scout Tower |
| 20:45 | Scout Tower |
| 20:45 | Scout Tower |
| 20:46 | Scout Tower |
| 20:55 | Dragonhawk Rider |
| 20:55 | Dragonhawk Rider |
| 20:58 | Studded Leather Armor |
| 21:20 | Guard Tower |
| 21:55 | Guard Tower |
| 22:11 | Scout Tower |
| 22:11 | Scout Tower |
| 22:12 | Scout Tower |
| 22:12 | Scout Tower |
| 22:13 | Scout Tower |
| 22:13 | Scout Tower |
| 22:14 | Scout Tower |
| 22:15 | Scout Tower |
| 22:51 | Bash |
| 23:01 | Guard Tower |
| 23:04 | Scout Tower |
| 23:04 | Scout Tower |
| 23:05 | Scout Tower |
| 23:15 | Scout Tower |
| 23:15 | Scout Tower |
| 23:15 | Scout Tower |
| 23:16 | Scout Tower |
| Right click | 2060 |
| Select | 585 |
| Select group | 365 |
| Build/train/purchase | 161 |
| Use ability | 61 |
| Assign group | 17 |
| Minimap ping | 12 |
| Misc. action | 7 |
| Chat | 7 |
| Item give/drop | 5 |
TIMG4STRok
(23:34) : 


| Orb of Venom | 2 | 650 |
| Potion of Healing | 1 | 150 |
| Staff of Teleportation | 3 | 450 |
| Boots of Speed | 3 | 750 |
| Periapt of Vitality | 2 | 650 |
| Potion of Invisibility | 1 | 100 |
| Potion of Lesser Invulnerability | 1 | 150 |
| Circlet of Nobility | 1 | 175 |
| Staff of Sanctuary | 3 | 750 |
| total: | 17 | 3825g |
| Wisp | 30 | 1800 | / | 0 |
| Hippogryph | 5 | 800 | / | 100 |
| total: | 35 | 2600g | / | 100w |
| Ancient Protector | 1 | 135 | / | 80 |
| Altar of Elders | 1 | 180 | / | 50 |
| Moon Well | 14 | 2520 | / | 560 |
| Tree of Life | 7 | 2380 | / | 1295 |
| Hunter's Hall | 1 | 210 | / | 100 |
| Ancient of Wonders | 3 | 270 | / | 90 |
| Ancient of Wind | 1 | 150 | / | 140 |
| Tree of Ages | 1 | 320 | / | 180 |
| Tree of Eternity | 1 | 330 | / | 200 |
| total: | 28 | 5845g | / | 2315w |
| 0:04 | Wisp |
| 0:04 | Wisp |
| 0:06 | Altar of Elders |
| 0:16 | Wisp |
| 0:16 | Wisp |
| 0:29 | Moon Well |
| 0:34 | Wisp |
| 0:34 | Wisp |
| 0:49 | Moon Well |
| 1:03 | Wisp |
| 1:44 | Wisp |
| 1:44 | Wisp |
| 1:55 | Wisp |
| 1:56 | Wisp |
| 1:56 | Wisp |
| 2:08 | Wisp |
| 2:26 | Wisp |
| 2:48 | Entangling Roots |
| 2:56 | Tree of Life |
| 2:58 | Tree of Life |
| 3:09 | Wisp |
| 3:09 | Wisp |
| 3:28 | Wisp |
| 4:14 | Staff of Teleportation |
| 4:16 | Boots of Speed |
| 4:27 | Tree of Life |
| 4:31 | Tree of Life |
| 4:59 | Wisp |
| 4:59 | Wisp |
| 5:00 | Wisp |
| 5:00 | Wisp |
| 5:01 | Wisp |
| 5:31 | Wisp |
| 5:31 | Wisp |
| 6:03 | Thorns Aura |
| 6:28 | Tree of Ages |
| 6:31 | Wisp |
| 6:31 | Wisp |
| 6:32 | Wisp |
| 6:54 | Moon Well |
| 6:54 | Moon Well |
| 8:41 | Hunter's Hall |
| 8:53 | Frost Arrows |
| 9:16 | Staff of Teleportation |
| 9:16 | Boots of Speed |
| 9:16 | Periapt of Vitality |
| 10:04 | Tree of Eternity |
| 10:05 | Ultravision |
| 10:07 | Wisp |
| 10:07 | Wisp |
| 10:07 | Wisp |
| 10:42 | Ancient of Wind |
| 11:23 | Ancient of Wonders |
| 11:53 | Hippogryph |
| 11:53 | Hippogryph |
| 11:53 | Hippogryph |
| 12:09 | Moon Well |
| 12:12 | Moon Well |
| 12:13 | Moon Well |
| 12:14 | Moon Well |
| 12:15 | Moon Well |
| 12:28 | Orb of Venom |
| 12:42 | Well Spring |
| 12:50 | Ancient Protector |
| 12:57 | Silence |
| 13:08 | Ancient of Wonders |
| 13:08 | Ancient of Wonders |
| 13:41 | Tree of Life |
| 13:59 | Hippogryph |
| 14:01 | Strength of the Wild |
| 14:07 | Staff of Sanctuary |
| 14:20 | Orb of Venom |
| 14:43 | Staff of Sanctuary |
| 15:03 | Moon Well |
| 15:04 | Moon Well |
| 15:59 | Mana Shield |
| 16:07 | Tree of Life |
| 16:19 | Improved Strength of the Wild |
| 16:19 | Reinforced Hides |
| 17:09 | Tree of Life |
| 17:21 | Entangling Roots |
| 17:38 | Potion of Invisibility |
| 17:38 | Potion of Lesser Invulnerability |
| 18:07 | Staff of Sanctuary |
| 18:16 | Staff of Teleportation |
| 18:57 | Hippogryph |
| 19:19 | Life Drain |
| 19:45 | Advanced Strength of the Wild |
| 19:45 | Improved Reinforced Hides |
| 20:01 | Moon Well |
| 20:02 | Moon Well |
| 20:04 | Boots of Speed |
| 20:05 | Periapt of Vitality |
| 20:05 | Circlet of Nobility |
| 20:24 | Moon Well |
| 22:34 | Potion of Healing |
| Right click | 1801 |
| Select group | 1074 |
| Select | 228 |
| Resource trade | 177 |
| Build/train/purchase | 98 |
| Use ability | 72 |
| Misc. action | 48 |
| Minimap ping | 26 |
| Assign group | 16 |
| Esc | 6 |
| Item give/drop | 4 |



x1)
| Staff of Sanctuary | 3 | 750 |
| Mechanical Critter | 2 | 100 |
| Scroll of Regeneration | 2 | 200 |
| Ivory Tower | 3 | 120 |
| Orb of Fire | 1 | 325 |
| Boots of Speed | 4 | 1000 |
| Staff of Teleportation | 3 | 450 |
| Potion of Invisibility | 2 | 200 |
| Tome of Retraining | 1 | 300 |
| Circlet of Nobility | 1 | 175 |
| Orb of Venom | 2 | 650 |
| total: | 24 | 4270g |
| Peasant | 26 | 1950 | / | 0 |
| Priest | 2 | 270 | / | 20 |
| total: | 28 | 2220g | / | 20w |
| Scout Tower | 102 | 3060 | / | 2040 |
| Arcane Tower | 11 | 770 | / | 550 |
| Guard Tower | 33 | 2310 | / | 1650 |
| Altar of Kings | 1 | 180 | / | 50 |
| Farm | 4 | 320 | / | 80 |
| Lumber Mill | 1 | 120 | / | 0 |
| Arcane Vault | 1 | 130 | / | 30 |
| Town Hall | 1 | 385 | / | 205 |
| Arcane Sanctum | 1 | 150 | / | 140 |
| Keep | 1 | 320 | / | 210 |
| Castle | 1 | 360 | / | 210 |
| total: | 111 | 4345g | / | 2545w |
| 0:02 | Peasant |
| 0:05 | Altar of Kings |
| 0:06 | Peasant |
| 0:19 | Farm |
| 0:20 | Peasant |
| 0:22 | Lumber Mill |
| 0:25 | Peasant |
| 0:41 | Peasant |
| 0:48 | Peasant |
| 1:00 | Peasant |
| 1:09 | Scout Tower |
| 1:11 | Peasant |
| 1:14 | Farm |
| 1:17 | Peasant |
| 1:20 | Scout Tower |
| 1:29 | Scout Tower |
| 1:35 | Scout Tower |
| 1:36 | Scout Tower |
| 1:37 | Peasant |
| 1:59 | Peasant |
| 2:02 | Improved Masonry |
| 2:02 | Arcane Tower |
| 2:07 | Arcane Vault |
| 2:09 | Summon Water Elemental |
| 2:10 | Peasant |
| 2:13 | Arcane Tower |
| 2:23 | Scout Tower |
| 2:34 | Guard Tower |
| 2:35 | Scout Tower |
| 2:40 | Peasant |
| 3:08 | Peasant |
| 3:11 | Scout Tower |
| 3:11 | Scout Tower |
| 3:12 | Guard Tower |
| 3:37 | Keep |
| 3:44 | Guard Tower |
| 3:48 | Guard Tower |
| 3:55 | Scout Tower |
| 4:15 | Guard Tower |
| 4:50 | Scout Tower |
| 4:51 | Scout Tower |
| 4:51 | Scout Tower |
| 4:52 | Scout Tower |
| 4:53 | Scout Tower |
| 4:54 | Scout Tower |
| 4:54 | Scout Tower |
| 4:54 | Scout Tower |
| 4:58 | Arcane Tower |
| 5:03 | Scout Tower |
| 5:14 | Scout Tower |
| 5:15 | Scout Tower |
| 5:16 | Scout Tower |
| 5:16 | Scout Tower |
| 5:21 | Arcane Tower |
| 5:22 | Guard Tower |
| 5:26 | Farm |
| 5:38 | Guard Tower |
| 5:45 | Guard Tower |
| 6:01 | Guard Tower |
| 6:02 | Scout Tower |
| 6:04 | Advanced Masonry |
| 6:27 | Brilliance Aura |
| 6:36 | Castle |
| 6:38 | Arcane Sanctum |
| 6:41 | Guard Tower |
| 6:42 | Scout Tower |
| 7:05 | Boots of Speed |
| 7:05 | Staff of Teleportation |
| 7:18 | Guard Tower |
| 7:19 | Scout Tower |
| 7:32 | Scout Tower |
| 7:32 | Scout Tower |
| 7:33 | Scout Tower |
| 7:34 | Scout Tower |
| 7:34 | Scout Tower |
| 7:35 | Scout Tower |
| 7:37 | Scout Tower |
| 7:38 | Scout Tower |
| 7:39 | Storm Bolt |
| 8:06 | Arcane Tower |
| 8:07 | Guard Tower |
| 8:09 | Scout Tower |
| 8:09 | Scout Tower |
| 8:45 | Improved Lumber Harvesting |
| 8:47 | Magic Sentry |
| 8:50 | Guard Tower |
| 8:54 | Scout Tower |
| 8:55 | Scout Tower |
| 8:55 | Scout Tower |
| 8:59 | Staff of Sanctuary |
| 9:11 | Imbued Masonry |
| 9:28 | Boots of Speed |
| 9:28 | Staff of Teleportation |
| 10:04 | Priest Adept Training |
| 10:04 | Priest |
| 10:11 | Holy Light |
| 10:22 | Guard Tower |
| 10:23 | Scout Tower |
| 10:26 | Mechanical Critter |
| 10:26 | Mechanical Critter |
| 10:34 | Peasant |
| 10:34 | Peasant |
| 10:35 | Peasant |
| 11:05 | Staff of Sanctuary |
| 11:10 | Farm |
| 11:11 | Guard Tower |
| 11:57 | Scout Tower |
| 11:59 | Scout Tower |
| 11:59 | Scout Tower |
| 12:00 | Scout Tower |
| 12:03 | Scout Tower |
| 12:04 | Scout Tower |
| 12:05 | Scout Tower |
| 12:05 | Scout Tower |
| 12:06 | Scout Tower |
| 12:06 | Scout Tower |
| 12:07 | Scout Tower |
| 12:07 | Scout Tower |
| 12:08 | Scout Tower |
| 12:08 | Scout Tower |
| 12:12 | Potion of Invisibility |
| 12:13 | Potion of Invisibility |
| 12:18 | Boots of Speed |
| 12:18 | Staff of Teleportation |
| 12:51 | Arcane Tower |
| 12:52 | Guard Tower |
| 13:06 | Scroll of Regeneration |
| 13:16 | Guard Tower |
| 13:17 | Guard Tower |
| 13:26 | Boots of Speed |
| 13:40 | Tome of Retraining |
| 13:40 | Retrain Hero |
| 13:42 | Blizzard |
| 13:42 | Brilliance Aura |
| 13:53 | Advanced Lumber Harvesting |
| 13:54 | Priest Master Training |
| 13:54 | Priest |
| 13:58 | Peasant |
| 13:58 | Peasant |
| 14:26 | Circlet of Nobility |
| 14:31 | Guard Tower |
| 14:34 | Scout Tower |
| 14:36 | Scout Tower |
| 14:36 | Scout Tower |
| 14:37 | Scout Tower |
| 14:37 | Scout Tower |
| 14:37 | Scout Tower |
| 14:38 | Scout Tower |
| 14:38 | Scout Tower |
| 14:39 | Scout Tower |
| 14:39 | Scout Tower |
| 14:40 | Scout Tower |
| 14:41 | Scout Tower |
| 14:48 | Scroll of Regeneration |
| 15:12 | Scout Tower |
| 15:13 | Scout Tower |
| 15:14 | Scout Tower |
| 15:15 | Scout Tower |
| 15:35 | Arcane Tower |
| 15:52 | Arcane Tower |
| 15:52 | Guard Tower |
| 16:15 | Guard Tower |
| 16:16 | Scout Tower |
| 16:17 | Scout Tower |
| 16:17 | Scout Tower |
| 16:18 | Scout Tower |
| 16:20 | Scout Tower |
| 16:23 | Scout Tower |
| 16:24 | Scout Tower |
| 16:25 | Scout Tower |
| 16:26 | Scout Tower |
| 16:45 | Orb of Venom |
| 16:49 | Orb of Venom |
| 16:57 | Guard Tower |
| 16:57 | Guard Tower |
| 17:06 | Staff of Sanctuary |
| 17:30 | Ivory Tower |
| 17:30 | Ivory Tower |
| 17:31 | Ivory Tower |
| 17:41 | Orb of Fire |
| 17:46 | Peasant |
| 17:46 | Peasant |
| 18:08 | Guard Tower |
| 18:10 | Scout Tower |
| 18:10 | Scout Tower |
| 19:00 | Scout Tower |
| 19:01 | Scout Tower |
| 19:02 | Scout Tower |
| 19:02 | Scout Tower |
| 19:03 | Scout Tower |
| 19:03 | Scout Tower |
| 19:05 | Guard Tower |
| 19:10 | Scout Tower |
| 19:10 | Scout Tower |
| 19:12 | Scout Tower |
| 19:12 | Scout Tower |
| 19:14 | Scout Tower |
| 19:15 | Scout Tower |
| 19:29 | Arcane Tower |
| 19:55 | Scout Tower |
| 19:56 | Scout Tower |
| 20:07 | Town Hall |
| 20:10 | Scout Tower |
| 20:10 | Scout Tower |
| 20:11 | Scout Tower |
| 20:12 | Guard Tower |
| 20:34 | Guard Tower |
| 20:39 | Arcane Tower |
| 20:51 | Guard Tower |
| 20:54 | Scout Tower |
| 20:55 | Scout Tower |
| 22:50 | Bash |
| 22:50 | Divine Shield |
| 23:04 | Guard Tower |
| 23:05 | Blizzard |
| 23:13 | Peasant |
| 23:13 | Peasant |
| 23:13 | Peasant |
| 23:19 | Guard Tower |
| 23:20 | Scout Tower |
| 23:21 | Scout Tower |
| 23:23 | Peasant |
| 23:23 | Peasant |
| Right click | 1276 |
| Select group | 727 |
| Select | 389 |
| Assign group | 344 |
| Build/train/purchase | 168 |
| Use ability | 96 |
| Chat | 24 |
| Misc. action | 18 |
| Item give/drop | 5 |
| Remove unit | 1 |
121 units @ 17.9k
/ 3.1k
52 buildings @ 8.1k
/ 3.2k


| Peasant | 7 | 525 | / | 0 |
| Rifleman | 9 | 1845 | / | 270 |
| Mortar Team | 3 | 540 | / | 210 |
| Siege Engine | 2 | 390 | / | 120 |
| total: | 21 | 3300g | / | 600w |
| Altar of Kings | 1 | 180 | / | 50 |
| Barracks | 1 | 160 | / | 60 |
| Farm | 12 | 960 | / | 240 |
| Blacksmith | 1 | 140 | / | 60 |
| Lumber Mill | 1 | 120 | / | 0 |
| Arcane Vault | 1 | 130 | / | 30 |
| Workshop | 2 | 280 | / | 280 |
| Keep | 1 | 320 | / | 210 |
| Castle | 1 | 360 | / | 210 |
| total: | 19 | 1970g | / | 720w |
| 0:03 | Peasant |
| 0:11 | Altar of Kings |
| 0:15 | Barracks |
| 0:17 | Peasant |
| 0:23 | Farm |
| 0:32 | Peasant |
| 0:49 | Peasant |
| 1:07 | Farm |
| 1:12 | Peasant |
| 1:12 | Peasant |
| 1:43 | Blacksmith |
| 1:52 | Farm |
| 1:53 | Peasant |
| 2:17 | Thunder Clap |
| 2:41 | Farm |
| 2:50 | Rifleman |
| 2:55 | Lumber Mill |
| 3:09 | Rifleman |
| 3:28 | Arcane Vault |
| 3:40 | Rifleman |
| 3:52 | Rifleman |
| 4:27 | Black Gunpowder |
| 4:28 | Keep |
| 4:43 | Farm |
| 4:44 | Farm |
| 4:55 | Bash |
| 5:05 | Rifleman |
| 6:15 | Rifleman |
| 6:16 | Rifleman |
| 6:18 | Studded Leather Armor |
| 6:58 | Rifleman |
| 7:03 | Thunder Clap |
| 7:21 | Long Rifles |
| 8:03 | Holy Light |
| 8:43 | Castle |
| 8:44 | Refined Gunpowder |
| 8:46 | Rifleman |
| 8:49 | Improved Lumber Harvesting |
| 9:16 | Workshop |
| 9:25 | Bash |
| 10:07 | Farm |
| 10:12 | Farm |
| 10:13 | Farm |
| 10:36 | Mortar Team |
| 10:36 | Mortar Team |
| 10:36 | Mortar Team |
| 10:47 | Devotion Aura |
| 11:15 | Advanced Lumber Harvesting |
| 11:21 | Workshop |
| 12:06 | Fragmentation Shards |
| 12:41 | Flare |
| 13:00 | Reinforced Leather Armor |
| 13:37 | Barrage |
| 14:23 | Siege Engine |
| 14:24 | Siege Engine |
| 15:45 | Farm |
| 15:51 | Farm |
| 15:54 | Farm |
| 15:56 | Imbued Gunpowder |
| Right click | 487 |
| Select | 278 |
| Build/train/purchase | 52 |
| Misc. action | 44 |
| Use ability | 6 |
| Item give/drop | 1 |
| Minimap ping | 1 |


| Healing Salve | 2 | 200 |
| Scroll of Healing | 1 | 250 |
| Scroll of Protection | 1 | 150 |
| total: | 4 | 600g |
| Peon | 14 | 1050 | / | 0 |
| Troll Headhunter | 12 | 1680 | / | 240 |
| Shaman | 14 | 1820 | / | 280 |
| Troll Berserker | 12 | 1680 | / | 240 |
| Tauren | 6 | 1680 | / | 480 |
| Demolisher | 8 | 1760 | / | 400 |
| total: | 66 | 9670g | / | 1640w |
| Altar of Storms | 1 | 180 | / | 50 |
| Orc Burrow | 8 | 1280 | / | 320 |
| War Mill | 1 | 205 | / | 0 |
| Barracks | 1 | 180 | / | 50 |
| Voodoo Lounge | 2 | 260 | / | 60 |
| Great Hall | 1 | 385 | / | 185 |
| Spirit Lodge | 1 | 150 | / | 150 |
| Tauren Totem | 1 | 135 | / | 155 |
| Stronghold | 2 | 630 | / | 380 |
| Fortress | 1 | 325 | / | 190 |
| total: | 16 | 2775g | / | 970w |
| 0:07 | Altar of Storms |
| 0:09 | Peon |
| 0:14 | Orc Burrow |
| 0:17 | Peon |
| 0:31 | Peon |
| 0:32 | Peon |
| 0:43 | Peon |
| 1:13 | Peon |
| 1:40 | War Mill |
| 1:45 | Barracks |
| 1:56 | Orc Burrow |
| 2:14 | Voodoo Lounge |
| 2:19 | Feral Spirit |
| 2:36 | Peon |
| 2:53 | Troll Headhunter |
| 2:54 | Troll Headhunter |
| 3:01 | Orc Burrow |
| 3:08 | Voodoo Lounge |
| 3:21 | Troll Headhunter |
| 3:30 | Troll Headhunter |
| 3:55 | Troll Headhunter |
| 3:59 | Steel Ranged Weapons |
| 4:23 | Chain Lighting |
| 4:27 | Troll Headhunter |
| 4:50 | Troll Headhunter |
| 4:53 | Stronghold |
| 5:11 | Healing Salve |
| 5:12 | Healing Salve |
| 5:28 | Troll Headhunter |
| 5:42 | Orc Burrow |
| 6:47 | Troll Headhunter |
| 6:55 | Feral Spirit |
| 7:15 | Spirit Lodge |
| 7:17 | Fortress |
| 7:42 | Troll Regeneration |
| 7:48 | Steel Armor |
| 8:39 | Troll Headhunter |
| 8:40 | Shaman Adept Training |
| 8:43 | Orc Burrow |
| 8:48 | Healing Wave |
| 8:53 | Troll Headhunter |
| 10:00 | Berserker Upgrade |
| 10:02 | Shaman Master Training |
| 10:03 | Shaman |
| 10:03 | Shaman |
| 10:07 | Tauren Totem |
| 10:12 | Troll Headhunter |
| 10:39 | Great Hall |
| 10:42 | Peon |
| 10:49 | Peon |
| 11:19 | Troll Berserker |
| 11:26 | Shaman |
| 11:30 | Orc Burrow |
| 12:32 | Hex |
| 12:44 | Scroll of Healing |
| 12:44 | Scroll of Protection |
| 12:49 | Shaman |
| 12:49 | Shaman |
| 12:57 | Tauren |
| 13:18 | Troll Berserker |
| 13:25 | Thorium Ranged Weapons |
| 13:25 | Arcanite Ranged Weapons |
| 13:35 | Peon |
| 13:35 | Peon |
| 13:50 | Peon |
| 13:59 | Shaman |
| 14:15 | Troll Berserker |
| 15:07 | Troll Berserker |
| 15:08 | Troll Berserker |
| 15:38 | Shaman |
| 15:40 | Troll Berserker |
| 15:40 | Troll Berserker |
| 15:43 | Tauren |
| 15:50 | Orc Burrow |
| 16:31 | Burning Oil |
| 16:46 | Orc Burrow |
| 16:58 | Demolisher |
| 16:58 | Demolisher |
| 16:58 | Demolisher |
| 17:38 | Peon |
| 17:38 | Peon |
| 18:41 | Demolisher |
| 18:42 | Demolisher |
| 18:44 | Tauren |
| 18:45 | Tauren |
| 19:05 | Chain Lighting |
| 19:30 | Shaman |
| 19:30 | Troll Berserker |
| 19:31 | Troll Berserker |
| 19:31 | Troll Berserker |
| 19:55 | Shaman |
| 19:55 | Shaman |
| 20:24 | Tauren |
| 20:46 | Shaman |
| 20:49 | Shaman |
| 21:21 | Demolisher |
| 21:21 | Demolisher |
| 21:43 | Demolisher |
| 22:12 | Troll Berserker |
| 22:14 | Tauren |
| 22:15 | Troll Berserker |
| 22:19 | Shaman |
| 22:19 | Shaman |
| Right click | 1250 |
| Select group | 526 |
| Select | 383 |
| Build/train/purchase | 112 |
| Assign group | 57 |
| Use ability | 26 |
| Minimap ping | 5 |
| Remove unit | 4 |
| Misc. action | 3 |
| Item give/drop | 1 |



| Lesser Clarity Potion | 2 | 140 |
| Potion of Mana | 1 | 200 |
| Potion of Healing | 1 | 150 |
| total: | 4 | 490g |
| Peon | 12 | 900 | / | 0 |
| Demolisher | 6 | 1320 | / | 300 |
| Raider | 9 | 1620 | / | 360 |
| Kodo Beast | 1 | 255 | / | 60 |
| Troll Witch Doctor | 3 | 435 | / | 75 |
| Shaman | 3 | 390 | / | 60 |
| total: | 34 | 4920g | / | 855w |
| Altar of Storms | 1 | 180 | / | 50 |
| Orc Burrow | 6 | 960 | / | 240 |
| Voodoo Lounge | 1 | 130 | / | 30 |
| War Mill | 1 | 205 | / | 0 |
| Barracks | 1 | 180 | / | 50 |
| Great Hall | 3 | 1155 | / | 555 |
| Beastiary | 1 | 145 | / | 140 |
| Spirit Lodge | 2 | 300 | / | 300 |
| Tauren Totem | 1 | 135 | / | 155 |
| Stronghold | 1 | 315 | / | 190 |
| Fortress | 1 | 325 | / | 190 |
| total: | 17 | 3390g | / | 1520w |
| 0:03 | Peon |
| 0:04 | Peon |
| 0:09 | Altar of Storms |
| 0:18 | Orc Burrow |
| 0:30 | Voodoo Lounge |
| 0:33 | Peon |
| 0:45 | Peon |
| 0:59 | Peon |
| 1:16 | Peon |
| 1:28 | Peon |
| 1:40 | War Mill |
| 2:00 | Peon |
| 2:13 | Lesser Clarity Potion |
| 2:14 | Lesser Clarity Potion |
| 2:17 | Wind Walk |
| 2:26 | Stronghold |
| 3:34 | Orc Burrow |
| 3:38 | Orc Burrow |
| 3:59 | Steel Ranged Weapons |
| 4:23 | Critical Strike |
| 4:41 | Orc Burrow |
| 5:03 | Barracks |
| 5:43 | Beastiary |
| 6:28 | Demolisher |
| 6:33 | Spirit Lodge |
| 6:35 | Fortress |
| 6:54 | Thorium Ranged Weapons |
| 7:15 | Demolisher |
| 7:19 | Ensnare |
| 7:38 | Demolisher |
| 7:49 | Raider |
| 7:53 | Potion of Mana |
| 7:53 | Potion of Healing |
| 8:30 | Raider |
| 8:30 | Raider |
| 8:35 | Shaman Adept Training |
| 9:12 | War Drums Damage Increase |
| 9:14 | Demolisher |
| 10:03 | Critical Strike |
| 10:25 | Raider |
| 10:28 | Shaman Master Training |
| 10:32 | Demolisher |
| 10:34 | Steel Melee Weapons |
| 10:59 | Tauren Totem |
| 11:52 | Witch Doctor Adept Training |
| 11:58 | Kodo Beast |
| 12:04 | Spirit Lodge |
| 12:23 | Steel Armor |
| 13:03 | Peon |
| 13:03 | Peon |
| 13:36 | Great Hall |
| 13:42 | Demolisher |
| 13:44 | Peon |
| 13:44 | Peon |
| 14:04 | Witch Doctor Master Training |
| 14:27 | Raider |
| 14:27 | Raider |
| 14:30 | Endurance Aura |
| 15:06 | Troll Witch Doctor |
| 15:09 | Thorium Melee Weapons |
| 16:01 | Raider |
| 16:01 | Raider |
| 16:03 | Shaman |
| 16:38 | Raider |
| 16:50 | Orc Burrow |
| 20:07 | Thorium Armor |
| 20:22 | Orc Burrow |
| 20:37 | Great Hall |
| 21:20 | Shockwave |
| 21:42 | Feral Spirit |
| 22:37 | Endurance Aura |
| 22:44 | Troll Witch Doctor |
| 22:44 | Troll Witch Doctor |
| 22:48 | Shaman |
| 22:48 | Shaman |
| 23:03 | Great Hall |
| Right click | 943 |
| Select | 267 |
| Build/train/purchase | 79 |
| Use ability | 39 |
| Misc. action | 4 |
| Minimap ping | 3 |
| Remove unit | 1 |